Devils vs Oilers

Created - December-01-14 at 17:37

Goals
1 2 3 T
Devils 1 0 1 2
Oilers 2 1 2 5
Shots
1 2 3 T
Devils 6 5 8 19
Oilers 17 16 13 46

1st period

1. Oilers , Marc Methot 2 (Brian Campbell, Brian Flynn) at 4:56
2. Devils , Ales Hemsky 6 (Justin Schultz) at 6:20
3. Oilers , Emerson Etem 1 (Mikkel Boedker, Dennis Wideman) at 13:13

Penalties :
Chad Ruhwedel (EDM) for Hooking (Minor) at 5:07, Scott Hartnell (NJD) for Hooking (Minor) at 5:07, Johan Franzen (NJD) for Interference (Minor) at 8:41, Michal Rozsival (NJD) for Slashing (Minor) at 17:18

2nd period

4. Oilers , Marc Methot 3 (Mikkel Boedker, Brian Campbell) at 10:58 (PP)

Penalties :
Michal Rozsival (NJD) for High sticking (Minor) at 8:59, Nikita Nikitin (NJD) for Tripping (Minor) at 14:48, Jake Muzzin (EDM) for Fighting (Major) at 19:50, Vincent Trocheck (NJD) for Fighting (Major) at 19:50

3rd period

5. Oilers , Drew Miller 1 (Olli Maatta, Dennis Wideman) at 2:28
6. Devils , Tyler Johnson 7 (Scott Hartnell, Jamie McGinn) at 10:40 (PP)
7. Oilers , Mats Zuccarello 7 (Justin Williams, Brian Campbell) at 16:12 (PP)

Penalties :
Willie Mitchell (NJD) for Hooking (Minor) at 0:07, Mikkel Boedker (EDM) for Roughing (Minor) at 9:19, Darren Helm (NJD) for Holding (Minor) at 15:27, Scott Hartnell (NJD) for Diving (Minor) at 17:46

Goalie Stats

Michal Neuvirth (NJD), 41 saves from 46 shots - (0.891), L, 0-7-1, 60:00 minutes
Kari Lehtonen (EDM), 17 saves from 19 shots - (0.895), W, 11-9-1, 60:00 minutes

Players Stats for Devils

Player Name              G  A  P  +/- PIM S  H  SB GA TA FO     MP     PP MP  PK MP  
------------------------------------------------------------------------------------
Ales Hemsky              1  0  1   0  0   2  0  0  0  0  0/2    12:23   0:00   0:00 
Chris Kelly              0  0  0   0  0   0  0  0  0  0  2/4     3:26   0:00   0:00 
Darren Helm              0  0  0  -2  2   1  2  0  0  0  7/17   14:21   0:00   0:00 
James van Riemsdyk       0  0  0  -1  0   2  3  0  0  0  9/19   27:44   0:48   7:25 
Jamie McGinn             0  1  1  -1  0   3  0  0  0  0  1/1    14:13   0:33   0:00 
Johan Franzen            0  0  0  -1  2   1  2  0  0  0  0/1    15:51   0:48   0:00 
Justin Schultz           0  1  1   1  0   1  0  3  0  0  0/0    21:55   0:33   6:15 
Marc-Edouard Vlasic      0  0  0   0  0   0  0  0  0  0  0/0     2:25   0:00   0:24 
Mark Fayne               0  0  0  -3  0   0  1  0  0  0  0/0    14:03   0:00   2:05 
Michal Rozsival          0  0  0  -3  4   1  2  0  0  0  0/0    11:56   0:00   0:00 
Nikita Nikitin           0  0  0   1  2   0  5  2  0  0  0/0    20:34   0:33   4:55 
Scott Hartnell           0  1  1  -1  4   3  0  0  0  0  4/8    18:25   0:33   3:48 
Steve Ott                0  0  0   0  0   1  1  0  0  0  0/0     3:26   0:00   0:00 
Tommy Wingels            0  0  0  -1  0   0  4  0  0  0  2/2    13:58   0:00   2:07 
Trevor Daley             0  0  0   0  0   0  1  3  0  0  0/0    26:17   0:48   6:34 
Tyler Johnson            1  0  1  -1  0   2  0  0  0  0  14/20  23:47   0:33   8:10 
Vincent Trocheck         0  0  0   1  5   2  0  0  0  0  9/17   17:43   0:48   3:48 
Willie Mitchell          0  0  0   0  2   0  0  0  0  0  0/0    22:46   0:48   5:05 

Players Stats for Oilers

Player Name              G  A  P  +/- PIM S  H  SB GA TA FO     MP     PP MP  PK MP  
------------------------------------------------------------------------------------
Aleksander Barkov        0  0  0   0  0   3  0  0  0  0  13/20  14:08   5:26   0:00 
Brian Campbell           0  3  3   1  0   3  0  0  0  0  0/0    24:08   6:35   0:36 
Brian Flynn              0  1  1   1  0   3  0  0  0  0  7/10    8:19   0:00   0:00 
Brooks Laich             0  0  0   2  0   0  2  0  0  0  0/1     9:23   0:14   1:12 
Chad Ruhwedel            0  0  0   0  2   0  0  1  0  0  0/0    14:30   0:00   0:00 
Charlie Coyle            0  0  0   0  0   3  2  0  0  0  2/2    19:30   5:26   0:00 
Dainius Zubrus           0  0  0   0  0   3  3  1  0  0  10/29  21:02   7:13   0:09 
Dennis Wideman           0  2  2   1  0   6  0  0  0  0  0/0    22:22   6:04   0:45 
Drew Miller              1  0  1   2  0   3  1  1  0  0  0/1     9:43   0:00   0:09 
Emerson Etem             1  0  1   1  0   2  1  1  0  0  0/2    13:18   0:00   0:00 
Jake Muzzin              0  0  0   0  5   2  1  0  0  0  0/0    20:21   5:20   0:45 
Justin Williams          0  1  1   0  0   0  0  0  0  0  1/2    15:55   7:13   0:00 
Marc Methot              2  0  2   1  0   5  1  1  0  0  0/0    22:01   6:35   0:36 
Mats Zuccarello          1  0  1   0  0   4  4  0  0  0  0/1    21:03   6:59   0:00 
Mikkel Boedker           0  2  2   1  2   5  1  0  0  0  0/0    18:43   5:26   0:00 
Nikita Kucherov          0  0  0   0  0   0  1  0  0  0  0/1     8:42   0:00   0:00 
Olli Maatta              0  1  1   1  0   2  2  2  0  0  0/0    16:36   0:44   0:00 
Travis Zajac             0  0  0   0  0   2  0  0  0  0  10/22  16:53   0:00   1:12 

3 Stars

1 - Marc Methot (EDM)
2 - Brian Campbell (EDM)
3 - Drew Miller (EDM)

Power Play

Devils - 1 on 1 Attempt(s) - 100.00%
Oilers - 2 on 7 Attempt(s) - 28.57%

Penalty Kill

Devils - 5 on 7 Attempt(s) - 71.43% - Score 0 goal in Penalty Kill
Oilers - 0 on 1 Attempt(s) - 0.00% - Score 0 goal in Penalty Kill

Official

Referees : Marc Joannette and Dan O'Halloran
Linesman : Thor Nelson and David Brisebois

Game Notes

Jake Muzzin and Vincent Trocheck fight to a draw at 19:50 of 2nd period

Finance

Level 1 -- Attendance: 6500 (100.00%) -- Ticket Income $552,500
Level 2 -- Attendance: 5000 (100.00%) -- Ticket Income $370,000
Level 3 -- Attendance: 2006 (57.31%) -- Ticket Income $142,426
Level 4 -- Attendance: 839 (100.00%) -- Ticket Income $58,730
Luxury Box -- Attendance: 878 (87.80%) -- Ticket Income $193,160
Game was played at the Rexall Place
Total Attendance: 15223 (90.40%)
Total Ticket Income: $1,316,816
Other Income: $197,522
Total Income: $1,514,338

% Time on Ice - Devils

Lines # - Real PCT - Wanted PCT - Time Play
Normal Forward
1 - 34% - 40% - 15:04
2 - 31% - 30% - 13:40
3 - 27% - 20% - 11:51
4 - 8% - 10% - 3:26
Normal Defense
1 - 35% - 40% - 15:33
2 - 33% - 30% - 14:29
3 - 27% - 20% - 11:58
4 - 5% - 10% - 2:01
PP Forward
1 - 59% - 60% - 0:48
2 - 41% - 40% - 0:33
PP Defense
1 - 59% - 60% - 0:48
2 - 41% - 40% - 0:33
PK Forward
1 - 65% - 60% - 8:11
2 - 35% - 40% - 4:28
PK Defense
1 - 51% - 60% - 6:24
2 - 49% - 40% - 6:15
PK3 Forward
1 - 0% - 60%
2 - 0% - 40%
PK3 Defense
1 - 0% - 60%
2 - 0% - 40%
44 Forward
1 - 73% - 60% - 1:27
2 - 27% - 40% - 0:32
44 Defense
1 - 68% - 60% - 1:21
2 - 32% - 40% - 0:38
Last Minute Offensive  - 0:00
Last Minute Defensive  - 0:00
Total
Forward - 60:00
Defense - 60:00

% Time on Ice - Oilers

Lines # - Real PCT - Wanted PCT - Time Play
Normal Forward
1 - 30% - 30% - 13:18
2 - 32% - 30% - 14:04
3 - 20% - 22% - 8:42
4 - 18% - 18% - 7:57
Normal Defense
1 - 32% - 30% - 14:05
2 - 33% - 30% - 14:19
3 - 31% - 30% - 13:30
4 - 5% - 10% - 2:07
PP Forward
1 - 57% - 60% - 7:13
2 - 43% - 40% - 5:26
PP Defense
1 - 52% - 60% - 6:35
2 - 48% - 40% - 6:04
PK Forward
1 - 89% - 60% - 1:12
2 - 11% - 40% - 0:09
PK Defense
1 - 44% - 60% - 0:36
2 - 56% - 40% - 0:45
PK3 Forward
1 - 0% - 60%
2 - 0% - 40%
PK3 Defense
1 - 0% - 60%
2 - 0% - 40%
44 Forward
1 - 82% - 60% - 1:37
2 - 18% - 40% - 0:22
44 Defense
1 - 38% - 60% - 0:45
2 - 62% - 40% - 1:14
Last Minute Offensive  - 0:00
Last Minute Defensive  - 0:00
Total
Forward - 60:00
Defense - 60:00

Play by Play

1st period


0:01 of 1st period - James van Riemsdyk wins face-off versus Dainius Zubrus in neutral zone.
0:07 of 1st period - Icing by Mikkel Boedker.
0:08 of 1st period - Dainius Zubrus wins face-off versus Vincent Trocheck in Oilers zone.
0:23 of 1st period - Shot by Dainius Zubrus.
0:23 of 1st period - Stopped by Michal Neuvirth with a rebound.
0:31 of 1st period - Shot by Justin Schultz.
0:31 of 1st period - Stopped by Kari Lehtonen without a rebound.
0:32 of 1st period - Charlie Coyle wins face-off versus Darren Helm in Oilers zone.
0:32 of 1st period - Charlie Coyle is hit by Tommy Wingels.
0:57 of 1st period - Shot by Darren Helm.
0:57 of 1st period - Stopped by Kari Lehtonen without a rebound.
0:58 of 1st period - Tyler Johnson wins face-off versus Aleksander Barkov in Oilers zone.
1:38 of 1st period - Shot by Tyler Johnson.
1:38 of 1st period - Shot Misses the Net.
2:48 of 1st period - Shot by Ales Hemsky.
2:48 of 1st period - Stopped by Kari Lehtonen without a rebound.
2:49 of 1st period - Chris Kelly wins face-off versus Travis Zajac in Oilers zone.
4:10 of 1st period - Shot by Tommy Wingels.
4:10 of 1st period - Shot Blocked by Emerson Etem.
4:52 of 1st period - Shot by Brian Flynn.
4:52 of 1st period - Stopped by Michal Neuvirth with a rebound.
4:54 of 1st period - Shot by Brian Campbell.
4:54 of 1st period - Stopped by Michal Neuvirth with a rebound.
4:56 of 1st period - Shot by Marc Methot.
4:56 of 1st period - Goal by Marc Methot - Devils : 0 - Oilers : 1.
4:57 of 1st period - Vincent Trocheck wins face-off versus Aleksander Barkov in neutral zone.
5:07 of 1st period - Minor Penalty to Chad Ruhwedel for Hooking.
5:07 of 1st period - Minor Penalty to Scott Hartnell for Hooking.
5:08 of 1st period - Travis Zajac wins face-off versus James van Riemsdyk in Oilers zone.
5:13 of 1st period - Shot by Travis Zajac.
5:13 of 1st period - Stopped by Michal Neuvirth without a rebound.
5:14 of 1st period - James van Riemsdyk wins face-off versus Travis Zajac in Devils zone.
6:01 of 1st period - Icing by Nikita Nikitin.
6:02 of 1st period - Brian Flynn wins face-off versus Ales Hemsky in Devils zone.
6:06 of 1st period - Icing by Justin Schultz.
6:07 of 1st period - Brian Flynn wins face-off versus Ales Hemsky in Devils zone.
6:20 of 1st period - Shot by Ales Hemsky.
6:20 of 1st period - Goal by Ales Hemsky - Devils : 1 - Oilers : 1.
6:21 of 1st period - James van Riemsdyk wins face-off versus Travis Zajac in neutral zone.
7:39 of 1st period - Shot by Mikkel Boedker.
7:39 of 1st period - Stopped by Michal Neuvirth without a rebound.
7:40 of 1st period - Aleksander Barkov wins face-off versus Tyler Johnson in Devils zone.
7:47 of 1st period - Off-side.
7:48 of 1st period - Tyler Johnson wins face-off versus Travis Zajac in neutral zone.
7:48 of 1st period - Tyler Johnson is hit by Mats Zuccarello.
7:52 of 1st period - Marc Methot is hit by Johan Franzen and loses puck.
8:07 of 1st period - Shot by Johan Franzen.
8:07 of 1st period - Shot Misses the Net.
8:34 of 1st period - Mats Zuccarello is hit by Johan Franzen.
8:41 of 1st period - Minor Penalty to Johan Franzen for Interference.
8:42 of 1st period - Justin Williams wins face-off versus Scott Hartnell in Devils zone.
9:17 of 1st period - Shot by Mats Zuccarello.
9:17 of 1st period - Stopped by Michal Neuvirth without a rebound.
9:18 of 1st period - Aleksander Barkov wins face-off versus James van Riemsdyk in Devils zone.
9:33 of 1st period - Shot by Marc Methot.
9:33 of 1st period - Shot Misses the Net.
9:49 of 1st period - Shot by Marc Methot.
9:49 of 1st period - Shot Misses the Net.
9:51 of 1st period - Shot by Marc Methot.
9:51 of 1st period - Stopped by Michal Neuvirth without a rebound.
9:52 of 1st period - Scott Hartnell wins face-off versus Dainius Zubrus in Devils zone.
10:07 of 1st period - Shot by Dennis Wideman.
10:07 of 1st period - Stopped by Michal Neuvirth without a rebound.
10:08 of 1st period - Aleksander Barkov wins face-off versus James van Riemsdyk in Devils zone.
10:31 of 1st period - Shot by Aleksander Barkov.
10:31 of 1st period - Shot Misses the Net.
10:33 of 1st period - Shot by Mikkel Boedker.
10:33 of 1st period - Shot Misses the Net.
10:35 of 1st period - Shot by Aleksander Barkov.
10:35 of 1st period - Stopped by Michal Neuvirth without a rebound.
10:36 of 1st period - Scott Hartnell wins face-off versus Dainius Zubrus in Devils zone.
11:04 of 1st period - Shot by Trevor Daley.
11:04 of 1st period - Shot Blocked by Chad Ruhwedel.
11:06 of 1st period - Shot by Vincent Trocheck.
11:06 of 1st period - Shot Blocked by Drew Miller.
11:08 of 1st period - Shot by Willie Mitchell.
11:08 of 1st period - Shot Misses the Net.
11:10 of 1st period - Shot by Jamie McGinn.
11:10 of 1st period - Shot Misses the Net.
11:12 of 1st period - Shot by Jamie McGinn.
11:12 of 1st period - Shot Misses the Net.
11:20 of 1st period - Shot by Scott Hartnell.
11:20 of 1st period - Shot Blocked by Olli Maatta.
11:33 of 1st period - Icing by Chad Ruhwedel.
11:34 of 1st period - Brian Flynn wins face-off versus Darren Helm in Oilers zone.
11:38 of 1st period - Olli Maatta is hit by Darren Helm and loses puck.
11:43 of 1st period - Brooks Laich is hit by Tommy Wingels and loses puck.
12:41 of 1st period - Shot by Dennis Wideman.
12:41 of 1st period - Shot Misses the Net.
12:57 of 1st period - Shot by Dainius Zubrus.
12:57 of 1st period - Shot Misses the Net.
12:59 of 1st period - Shot by Jake Muzzin.
12:59 of 1st period - Shot Hit the Post.
13:01 of 1st period - Shot by Jake Muzzin.
13:01 of 1st period - Shot Misses the Net.
13:09 of 1st period - Shot by Mikkel Boedker.
13:09 of 1st period - Shot Misses the Net.
13:13 of 1st period - Shot by Emerson Etem.
13:13 of 1st period - Goal by Emerson Etem - Devils : 1 - Oilers : 2.
13:14 of 1st period - Travis Zajac wins face-off versus Vincent Trocheck in neutral zone.
13:35 of 1st period - Shot by Mats Zuccarello.
13:35 of 1st period - Stopped by Michal Neuvirth without a rebound.
13:36 of 1st period - Aleksander Barkov wins face-off versus Darren Helm in Devils zone.
13:48 of 1st period - Aleksander Barkov is hit by Tommy Wingels and loses puck.
14:48 of 1st period - Off-side.
14:49 of 1st period - Dainius Zubrus wins face-off versus Tyler Johnson in neutral zone.
15:10 of 1st period - James van Riemsdyk is hit by Jake Muzzin.
15:14 of 1st period - Shot by Tyler Johnson.
15:14 of 1st period - Shot Misses the Net.
15:37 of 1st period - Dennis Wideman is hit by James van Riemsdyk and loses puck.
16:10 of 1st period - Shot by Vincent Trocheck.
16:10 of 1st period - Stopped by Kari Lehtonen with a rebound.
16:12 of 1st period - Shot by Michal Rozsival.
16:12 of 1st period - Stopped by Kari Lehtonen without a rebound.
16:13 of 1st period - Aleksander Barkov wins face-off versus Chris Kelly in Oilers zone.
17:18 of 1st period - Minor Penalty to Michal Rozsival for Slashing.
17:19 of 1st period - Tommy Wingels wins face-off versus Dainius Zubrus in Devils zone.
18:05 of 1st period - Off-side.
18:06 of 1st period - Aleksander Barkov wins face-off versus Scott Hartnell in neutral zone.
18:09 of 1st period - Shot by Brian Campbell.
18:09 of 1st period - Stopped by Michal Neuvirth with a rebound.
18:11 of 1st period - Shot by Aleksander Barkov.
18:11 of 1st period - Stopped by Michal Neuvirth with a rebound.
18:13 of 1st period - Shot by Brian Campbell.
18:13 of 1st period - Shot Misses the Net.
18:15 of 1st period - Shot by Brian Campbell.
18:15 of 1st period - Shot Misses the Net.
18:17 of 1st period - Shot by Brian Campbell.
18:17 of 1st period - Stopped by Michal Neuvirth without a rebound.
18:18 of 1st period - James van Riemsdyk wins face-off versus Aleksander Barkov in Devils zone.
19:18 of 1st period - Shot by Mats Zuccarello.
19:18 of 1st period - Deflect By Drew Miller.
19:18 of 1st period - Stopped by Michal Neuvirth with a rebound.
19:20 of 1st period - Shot by Brooks Laich.
19:20 of 1st period - Shot Misses the Net.
19:40 of 1st period - Shot by Drew Miller.
19:40 of 1st period - Stopped by Michal Neuvirth with a rebound.
Goals for this period are 1 for Devils vs 2 for Oilers.
Shots for this period are 6 for Devils vs 17 for Oilers.

2nd period


0:01 of 2nd period - Tyler Johnson wins face-off versus Travis Zajac in neutral zone.
0:06 of 2nd period - Shot by James van Riemsdyk.
0:06 of 2nd period - Stopped by Kari Lehtonen without a rebound.
0:07 of 2nd period - Travis Zajac wins face-off versus Tyler Johnson in Oilers zone.
0:18 of 2nd period - Shot by Mats Zuccarello.
0:18 of 2nd period - Shot Misses the Net.
1:33 of 2nd period - Shot by Scott Hartnell.
1:33 of 2nd period - Deflect By Jamie McGinn.
1:33 of 2nd period - Shot Blocked by Marc Methot.
1:50 of 2nd period - Marc Methot is hit by Nikita Nikitin and loses puck.
2:25 of 2nd period - Icing by Scott Hartnell.
2:26 of 2nd period - Vincent Trocheck wins face-off versus Brian Flynn in Devils zone.
2:26 of 2nd period - Vincent Trocheck is hit by Brooks Laich.
2:48 of 2nd period - Shot by Brian Flynn.
2:48 of 2nd period - Stopped by Michal Neuvirth without a rebound.
2:49 of 2nd period - Tyler Johnson wins face-off versus Travis Zajac in Devils zone.
3:23 of 2nd period - Shot by Travis Zajac.
3:23 of 2nd period - Stopped by Michal Neuvirth with a rebound.
3:49 of 2nd period - Willie Mitchell is hit by Mikkel Boedker and loses puck.
4:17 of 2nd period - Mikkel Boedker is hit by Michal Rozsival and loses puck.
5:01 of 2nd period - Mark Fayne is hit by Dainius Zubrus and loses puck.
5:36 of 2nd period - Shot by Steve Ott.
5:36 of 2nd period - Stopped by Kari Lehtonen without a rebound.
5:37 of 2nd period - Vincent Trocheck wins face-off versus Travis Zajac in Oilers zone.
6:17 of 2nd period - Shot by Charlie Coyle.
6:17 of 2nd period - Stopped by Michal Neuvirth without a rebound.
6:18 of 2nd period - Tyler Johnson wins face-off versus Nikita Kucherov in Devils zone.
6:51 of 2nd period - Off-side.
6:52 of 2nd period - Darren Helm wins face-off versus Brooks Laich in neutral zone.
7:01 of 2nd period - Shot by Ales Hemsky.
7:01 of 2nd period - Shot Misses the Net.
7:07 of 2nd period - Shot by Tommy Wingels.
7:07 of 2nd period - Shot Misses the Net.
7:24 of 2nd period - Icing by Brooks Laich.
7:25 of 2nd period - Brian Flynn wins face-off versus Tyler Johnson in Oilers zone.
7:25 of 2nd period - Brian Flynn is hit by James van Riemsdyk.
8:18 of 2nd period - Nikita Nikitin is hit by Charlie Coyle and loses puck.
8:39 of 2nd period - Shot by Jamie McGinn.
8:39 of 2nd period - Stopped by Kari Lehtonen without a rebound.
8:40 of 2nd period - Tommy Wingels wins face-off versus Dainius Zubrus in Oilers zone.
8:40 of 2nd period - Tommy Wingels is hit by Marc Methot.
8:57 of 2nd period - Icing by Mark Fayne.
8:58 of 2nd period - Aleksander Barkov wins face-off versus Darren Helm in Devils zone.
8:58 of 2nd period - Jake Muzzin is hit by Michal Rozsival and loses puck.
8:59 of 2nd period - Minor Penalty to Michal Rozsival for High sticking.
9:00 of 2nd period - James van Riemsdyk wins face-off versus Dainius Zubrus in Devils zone.
9:09 of 2nd period - James van Riemsdyk is hit by Mats Zuccarello and loses puck.
9:20 of 2nd period - Shot by Mats Zuccarello.
9:20 of 2nd period - Shot Blocked by Nikita Nikitin.
9:22 of 2nd period - Shot by Marc Methot.
9:22 of 2nd period - Shot Misses the Net.
9:24 of 2nd period - Shot by Brian Campbell.
9:24 of 2nd period - Shot Blocked by Nikita Nikitin.
9:26 of 2nd period - Shot by Justin Williams.
9:26 of 2nd period - Shot Blocked by Justin Schultz.
9:28 of 2nd period - Shot by Brian Campbell.
9:28 of 2nd period - Shot Misses the Net.
9:52 of 2nd period - Trevor Daley is hit by Mats Zuccarello and loses puck.
10:15 of 2nd period - Justin Schultz is hit by Charlie Coyle and loses puck.
10:20 of 2nd period - Shot by Dennis Wideman.
10:20 of 2nd period - Stopped by Michal Neuvirth without a rebound.
10:21 of 2nd period - Aleksander Barkov wins face-off versus James van Riemsdyk in Devils zone.
10:24 of 2nd period - Shot by Jake Muzzin.
10:24 of 2nd period - Shot Blocked by Trevor Daley.
10:30 of 2nd period - Shot by Dennis Wideman.
10:30 of 2nd period - Deflect By Aleksander Barkov.
10:30 of 2nd period - Shot Misses the Net.
10:32 of 2nd period - Shot by Dennis Wideman.
10:32 of 2nd period - Stopped by Michal Neuvirth with a rebound.
10:34 of 2nd period - Shot by Mikkel Boedker.
10:34 of 2nd period - The goal is going for a video replay.
10:34 of 2nd period - The goal is refused.
10:35 of 2nd period - Aleksander Barkov wins face-off versus Scott Hartnell in Devils zone.
10:46 of 2nd period - Shot by Brian Campbell.
10:46 of 2nd period - Shot Blocked by Trevor Daley.
10:56 of 2nd period - Shot by Mikkel Boedker.
10:56 of 2nd period - Stopped by Michal Neuvirth with a rebound.
10:58 of 2nd period - Shot by Marc Methot.
10:58 of 2nd period - Goal by Marc Methot - Devils : 1 - Oilers : 3.
10:59 of 2nd period - Brian Flynn wins face-off versus Darren Helm in neutral zone.
11:04 of 2nd period - Darren Helm is hit by Drew Miller and loses puck.
11:17 of 2nd period - Dennis Wideman is hit by Nikita Nikitin and loses puck.
12:00 of 2nd period - Shot by James van Riemsdyk.
12:00 of 2nd period - Stopped by Kari Lehtonen without a rebound.
12:01 of 2nd period - Vincent Trocheck wins face-off versus Emerson Etem in Oilers zone.
12:05 of 2nd period - Scott Hartnell is hit by Olli Maatta and loses puck.
12:08 of 2nd period - Shot by Scott Hartnell.
12:08 of 2nd period - Deflect By Jamie McGinn.
12:08 of 2nd period - Stopped by Kari Lehtonen without a rebound.
12:09 of 2nd period - Tyler Johnson wins face-off versus Dainius Zubrus in Oilers zone.
12:28 of 2nd period - Shot by Dainius Zubrus.
12:28 of 2nd period - Deflect By Mikkel Boedker.
12:28 of 2nd period - Shot Misses the Net.
12:30 of 2nd period - Shot by Emerson Etem.
12:30 of 2nd period - Stopped by Michal Neuvirth without a rebound.
12:31 of 2nd period - Vincent Trocheck wins face-off versus Travis Zajac in Devils zone.
13:03 of 2nd period - Shot by Vincent Trocheck.
13:03 of 2nd period - Shot Misses the Net.
13:32 of 2nd period - Off-side.
13:33 of 2nd period - Darren Helm wins face-off versus Dainius Zubrus in neutral zone.
13:36 of 2nd period - Shot by Tommy Wingels.
13:36 of 2nd period - Shot Blocked by Olli Maatta.
14:38 of 2nd period - Shot by Jake Muzzin.
14:38 of 2nd period - Stopped by Michal Neuvirth without a rebound.
14:39 of 2nd period - Tyler Johnson wins face-off versus Brian Flynn in Devils zone.
14:39 of 2nd period - Tyler Johnson is hit by Brooks Laich.
14:48 of 2nd period - Minor Penalty to Nikita Nikitin for Tripping.
14:49 of 2nd period - James van Riemsdyk wins face-off versus Dainius Zubrus in Devils zone.
15:05 of 2nd period - Mats Zuccarello is hit by James van Riemsdyk.
15:27 of 2nd period - Shot by Mats Zuccarello.
15:27 of 2nd period - Stopped by Michal Neuvirth without a rebound.
15:28 of 2nd period - Aleksander Barkov wins face-off versus James van Riemsdyk in Devils zone.
15:39 of 2nd period - Shot by Dennis Wideman.
15:39 of 2nd period - Stopped by Michal Neuvirth without a rebound.
15:40 of 2nd period - Aleksander Barkov wins face-off versus James van Riemsdyk in Devils zone.
15:55 of 2nd period - Shot by Aleksander Barkov.
15:55 of 2nd period - Stopped by Michal Neuvirth without a rebound.
15:56 of 2nd period - Scott Hartnell wins face-off versus Mats Zuccarello in Devils zone.
17:01 of 2nd period - Shot by Olli Maatta.
17:01 of 2nd period - Shot Blocked by Trevor Daley.
17:03 of 2nd period - Shot by Brian Flynn.
17:03 of 2nd period - Stopped by Michal Neuvirth without a rebound.
17:04 of 2nd period - Brian Flynn wins face-off versus Vincent Trocheck in Devils zone.
18:18 of 2nd period - Shot by Charlie Coyle.
18:18 of 2nd period - Stopped by Michal Neuvirth without a rebound.
18:19 of 2nd period - Dainius Zubrus wins face-off versus Darren Helm in Devils zone.
18:24 of 2nd period - Shot by Dainius Zubrus.
18:24 of 2nd period - Deflect By Mikkel Boedker.
18:24 of 2nd period - Stopped by Michal Neuvirth without a rebound.
18:25 of 2nd period - Tyler Johnson wins face-off versus Dainius Zubrus in Devils zone.
19:18 of 2nd period - Icing by Marc Methot.
19:19 of 2nd period - Jamie McGinn wins face-off versus Dainius Zubrus in Oilers zone.
19:30 of 2nd period - Scott Hartnell is hit by Emerson Etem and loses puck.
19:50 of 2nd period - Jake Muzzin and Vincent Trocheck fight to a draw.
19:50 of 2nd period - Penalty to Jake Muzzin for Fighting.
19:50 of 2nd period - Penalty to Vincent Trocheck for Fighting.
19:51 of 2nd period - Darren Helm wins face-off versus Aleksander Barkov in neutral zone.
Goals for this period are 0 for Devils vs 1 for Oilers.
Shots for this period are 5 for Devils vs 16 for Oilers.

3rd period


0:01 of 3rd period - Travis Zajac wins face-off versus Johan Franzen in neutral zone.
0:07 of 3rd period - Minor Penalty to Willie Mitchell for Hooking.
0:08 of 3rd period - James van Riemsdyk wins face-off versus Justin Williams in Devils zone.
0:52 of 3rd period - Shot by Marc Methot.
0:52 of 3rd period - Stopped by Michal Neuvirth with a rebound.
0:54 of 3rd period - Shot by Dainius Zubrus.
0:54 of 3rd period - Stopped by Michal Neuvirth with a rebound.
1:42 of 3rd period - Shot by Dennis Wideman.
1:42 of 3rd period - Stopped by Michal Neuvirth without a rebound.
1:43 of 3rd period - James van Riemsdyk wins face-off versus Dainius Zubrus in Devils zone.
2:02 of 3rd period - Shot by Brian Campbell.
2:02 of 3rd period - Shot Misses the Net.
2:04 of 3rd period - Shot by Brian Campbell.
2:04 of 3rd period - Shot Misses the Net.
2:06 of 3rd period - Shot by Marc Methot.
2:06 of 3rd period - Stopped by Michal Neuvirth without a rebound.
2:07 of 3rd period - Darren Helm wins face-off versus Drew Miller in Devils zone.
2:17 of 3rd period - Dennis Wideman is hit by Mark Fayne and loses puck.
2:28 of 3rd period - Shot by Drew Miller.
2:28 of 3rd period - Goal by Drew Miller - Devils : 1 - Oilers : 4.
2:29 of 3rd period - Travis Zajac wins face-off versus Chris Kelly in neutral zone.
2:57 of 3rd period - Icing by Justin Schultz.
2:58 of 3rd period - Chris Kelly wins face-off versus Aleksander Barkov in Devils zone.
3:03 of 3rd period - Olli Maatta is hit by Steve Ott and loses puck.
3:43 of 3rd period - Icing by Jamie McGinn.
3:44 of 3rd period - Darren Helm wins face-off versus Dainius Zubrus in Devils zone.
3:51 of 3rd period - Shot by Scott Hartnell.
3:51 of 3rd period - Stopped by Kari Lehtonen with a rebound.
4:15 of 3rd period - Shot by Jamie McGinn.
4:15 of 3rd period - Stopped by Kari Lehtonen without a rebound.
4:16 of 3rd period - Tyler Johnson wins face-off versus Travis Zajac in Oilers zone.
4:16 of 3rd period - Tyler Johnson is hit by Olli Maatta.
5:02 of 3rd period - Icing by Olli Maatta.
5:03 of 3rd period - Charlie Coyle wins face-off versus Vincent Trocheck in Oilers zone.
5:05 of 3rd period - Icing by Olli Maatta.
5:06 of 3rd period - Travis Zajac wins face-off versus Vincent Trocheck in Oilers zone.
5:33 of 3rd period - Shot by Trevor Daley.
5:33 of 3rd period - Shot Blocked by Dainius Zubrus.
5:53 of 3rd period - Off-side.
5:54 of 3rd period - Aleksander Barkov wins face-off versus Darren Helm in neutral zone.
5:54 of 3rd period - Aleksander Barkov is hit by Tommy Wingels.
6:20 of 3rd period - Aleksander Barkov is hit by Nikita Nikitin and loses puck.
6:42 of 3rd period - Icing by Nikita Nikitin.
6:43 of 3rd period - Dainius Zubrus wins face-off versus Darren Helm in Devils zone.
6:43 of 3rd period - Chad Ruhwedel is hit by Nikita Nikitin and loses puck.
7:15 of 3rd period - Shot by Dainius Zubrus.
7:15 of 3rd period - Stopped by Michal Neuvirth without a rebound.
7:16 of 3rd period - Travis Zajac wins face-off versus Tyler Johnson in Devils zone.
8:19 of 3rd period - Icing by Mark Fayne.
8:20 of 3rd period - Dainius Zubrus wins face-off versus Vincent Trocheck in Devils zone.
8:23 of 3rd period - Shot by Mikkel Boedker.
8:23 of 3rd period - Stopped by Michal Neuvirth without a rebound.
8:24 of 3rd period - Dainius Zubrus wins face-off versus Scott Hartnell in Devils zone.
8:59 of 3rd period - Icing by Chad Ruhwedel.
9:00 of 3rd period - Tyler Johnson wins face-off versus Dainius Zubrus in Oilers zone.
9:06 of 3rd period - Icing by Olli Maatta.
9:07 of 3rd period - Dainius Zubrus wins face-off versus James van Riemsdyk in Oilers zone.
9:19 of 3rd period - Minor Penalty to Mikkel Boedker for Roughing.
9:20 of 3rd period - Travis Zajac wins face-off versus Vincent Trocheck in Oilers zone.
10:22 of 3rd period - Icing by Justin Schultz.
10:23 of 3rd period - Tyler Johnson wins face-off versus Travis Zajac in Devils zone.
10:38 of 3rd period - Shot by Scott Hartnell.
10:38 of 3rd period - Stopped by Kari Lehtonen with a rebound.
10:40 of 3rd period - Shot by Tyler Johnson.
10:40 of 3rd period - Goal by Tyler Johnson - Devils : 2 - Oilers : 4.
10:41 of 3rd period - Aleksander Barkov wins face-off versus Darren Helm in neutral zone.
10:53 of 3rd period - Michal Rozsival is hit by Nikita Kucherov and loses puck.
11:21 of 3rd period - Icing by Brian Campbell.
11:22 of 3rd period - Tyler Johnson wins face-off versus Aleksander Barkov in Oilers zone.
11:45 of 3rd period - Shot by Tyler Johnson.
11:45 of 3rd period - Shot Misses the Net.
12:01 of 3rd period - Shot by Tyler Johnson.
12:01 of 3rd period - Deflect By Johan Franzen.
12:01 of 3rd period - Stopped by Kari Lehtonen without a rebound.
12:02 of 3rd period - Vincent Trocheck wins face-off versus Travis Zajac in Oilers zone.
12:03 of 3rd period - Shot by Scott Hartnell.
12:03 of 3rd period - Stopped by Kari Lehtonen without a rebound.
12:04 of 3rd period - Travis Zajac wins face-off versus Vincent Trocheck in Oilers zone.
12:29 of 3rd period - Shot by Mats Zuccarello.
12:29 of 3rd period - Shot Misses the Net.
12:31 of 3rd period - Shot by Olli Maatta.
12:31 of 3rd period - Shot Misses the Net.
12:33 of 3rd period - Shot by Olli Maatta.
12:33 of 3rd period - Stopped by Michal Neuvirth with a rebound.
12:35 of 3rd period - Shot by Chad Ruhwedel.
12:35 of 3rd period - Shot Blocked by Justin Schultz.
12:46 of 3rd period - Off-side.
12:47 of 3rd period - Tyler Johnson wins face-off versus Dainius Zubrus in neutral zone.
12:47 of 3rd period - Tyler Johnson is hit by Dainius Zubrus.
12:53 of 3rd period - Icing by Jake Muzzin.
12:54 of 3rd period - Dainius Zubrus wins face-off versus James van Riemsdyk in Oilers zone.
13:03 of 3rd period - Shot by Dainius Zubrus.
13:03 of 3rd period - Shot Misses the Net.
13:29 of 3rd period - Shot by Dennis Wideman.
13:29 of 3rd period - Shot Misses the Net.
14:56 of 3rd period - Off-side.
14:57 of 3rd period - Brian Flynn wins face-off versus Darren Helm in neutral zone.
15:13 of 3rd period - Icing by Michal Rozsival.
15:14 of 3rd period - Darren Helm wins face-off versus Dainius Zubrus in Devils zone.
15:27 of 3rd period - Minor Penalty to Darren Helm for Holding.
15:28 of 3rd period - Scott Hartnell wins face-off versus Dainius Zubrus in Devils zone.
15:28 of 3rd period - Scott Hartnell is hit by Dainius Zubrus.
15:42 of 3rd period - Shot by Vincent Trocheck.
15:42 of 3rd period - Stopped by Kari Lehtonen without a rebound.
15:43 of 3rd period - James van Riemsdyk wins face-off versus Aleksander Barkov in Oilers zone.
15:52 of 3rd period - Shot by Tyler Johnson.
15:52 of 3rd period - Stopped by Kari Lehtonen with a rebound.
16:04 of 3rd period - Shot by Jake Muzzin.
16:04 of 3rd period - Stopped by Michal Neuvirth without a rebound.
16:05 of 3rd period - Dainius Zubrus wins face-off versus James van Riemsdyk in Devils zone.
16:12 of 3rd period - Shot by Mats Zuccarello.
16:12 of 3rd period - Goal by Mats Zuccarello - Devils : 2 - Oilers : 5.
16:13 of 3rd period - Vincent Trocheck wins face-off versus Dainius Zubrus in neutral zone.
16:22 of 3rd period - Shot by Scott Hartnell.
16:22 of 3rd period - Shot Misses the Net.
16:28 of 3rd period - Shot by Olli Maatta.
16:28 of 3rd period - Stopped by Michal Neuvirth without a rebound.
16:29 of 3rd period - Darren Helm wins face-off versus Travis Zajac in Devils zone.
16:29 of 3rd period - Darren Helm is hit by Mats Zuccarello.
16:44 of 3rd period - Shot by Travis Zajac.
16:44 of 3rd period - Shot Misses the Net.
16:50 of 3rd period - Travis Zajac is hit by Darren Helm and loses puck.
16:59 of 3rd period - Shot by Ales Hemsky.
16:59 of 3rd period - Shot Misses the Net.
17:04 of 3rd period - Icing by Travis Zajac.
17:05 of 3rd period - Travis Zajac wins face-off versus Tyler Johnson in Oilers zone.
17:17 of 3rd period - Brian Campbell is hit by Nikita Nikitin and loses puck.
17:35 of 3rd period - Off-side.
17:36 of 3rd period - Vincent Trocheck wins face-off versus Emerson Etem in neutral zone.
17:46 of 3rd period - Minor Penalty to Scott Hartnell for Diving.
17:47 of 3rd period - Tyler Johnson wins face-off versus Dainius Zubrus in Devils zone.
19:04 of 3rd period - Brian Campbell is hit by Trevor Daley and loses puck.
19:07 of 3rd period - Shot by Charlie Coyle.
19:07 of 3rd period - Stopped by Michal Neuvirth with a rebound.
19:29 of 3rd period - Shot by Dennis Wideman.
19:29 of 3rd period - Stopped by Michal Neuvirth without a rebound.
19:30 of 3rd period - Dainius Zubrus wins face-off versus James van Riemsdyk in Devils zone.
19:33 of 3rd period - Shot by Dennis Wideman.
19:33 of 3rd period - Deflect By Justin Williams.
19:33 of 3rd period - Shot Blocked by Justin Schultz.
19:35 of 3rd period - Shot by Dennis Wideman.
19:35 of 3rd period - Shot Misses the Net.
19:58 of 3rd period - Icing by Michal Rozsival.
19:59 of 3rd period - Vincent Trocheck wins face-off versus Brian Flynn in Devils zone.
Goals for this period are 1 for Devils vs 2 for Oilers.
Shots for this period are 8 for Devils vs 13 for Oilers.


Output by the SimonT Hockey Simulator (STHS) for Stephane Roy -- Original Page W3C XHTML 1.0 Valid
Hockey Simulator - Hockey Simulation - Hockey Manager